 Dungeon Crawl Stone Soup version 0.21-a0-95-g06f091e (webtiles) character file.

43 grindst0ne the Changer (level 3, -5/26 HPs)
             Began as a Merfolk Transmuter on July 4, 2017.
             Killed from afar by Natasha (7 damage)
             ... with a magic dart
             ... on level 2 of the Dungeon.
             The game lasted 00:02:43 (1391 turns).

grindst0ne the Changer (Merfolk Transmuter)         Turns: 1391, Time: 00:02:44

Health: -5/26      AC:  2    Str: 11    XL:     3   Next: 58%
Magic:  5/6        EV: 13    Int: 12    God:
Gold:   14         SH:  0    Dex: 14    Spells: 0/6 levels left

rFire    . . .     SeeInvis .     - Unarmed
rCold    . . .     Gourm    .   (no shield)
rNeg     . . .     Faith    .   b - +0 robe
rPois    .         Spirit   .   (no helmet)
rElec    .         Reflect  .   (no cloak)
rCorr    .         Harm     .   (no gloves)
MR       .....                  (no boots)
Stlth    +.........             (no amulet)
HPRegen  0.08/turn              (no ring)
MPRegen  0.10/turn              (no ring)

@: slowed, very slow
A: change form in water, swift swim, stealthy swim
a: no special abilities


You were on level 2 of the Dungeon.
You were hungry.

You visited 1 branch of the dungeon, and saw 2 of its levels.

You collected 14 gold pieces.

Inventory:

Missiles
 a - 24 arrows
Armour
 b - a +0 robe (worn)
 n - a +1 hat
Scrolls
 e - a scroll of blinking {unknown}
 f - a scroll of amnesia {unknown}
 g - a scroll of teleportation {unknown}
 k - a scroll of magic mapping {unknown}
 l - 3 scrolls of remove curse {unknown}
Potions
 i - a potion of agility {unknown}
 j - 2 potions of heal wounds {unknown}
 o - 2 potions of flight {unknown}
 p - a potion of mutation {unknown}
Books
 c - a book of Changes

   Spells                             Type                      Level
   a - Beastly Appendage              Transmutation                1
   b - Sticks to Snakes               Transmutation                2
   c - Spider Form                    Transmutation/Poison         3
   d - Ice Form                       Ice/Transmutation            4
   e - Blade Hands                    Transmutation                5
Comestibles
 d - 4 bread rations
 h - a fruit
 m - 2 chunks of flesh


   Skills:
 - Level 1.1 Fighting
 - Level 2.6 Dodging
 + Level 3.8 Unarmed Combat
 - Level 2.0 Spellcasting
 * Level 4.5 Transmutations


You couldn't memorise any spells.
You knew the following spells:

 Your Spells              Type           Power        Failure   Level  Hunger
a - Beastly Appendage     Tmut           ##....       4%          1    ##.....
b - Sticks to Snakes      Tmut           ##......     6%          2    ###....
c - Spider Form           Tmut/Pois      #.........   32%         3    ####...


Dungeon Overview and Level Annotations

Branches:
Dungeon (2/15)

Altars:

Annotations:
D:2 Natasha


Message History

The white imp barely misses you. Natasha claws you.
Things that are here:
a frilled lizard corpse; a worm corpse You closely miss Natasha.
Natasha is severely wounded.
The white imp hits you but does no damage.
Natasha stares at you and mumbles some strange words.
You feel as though you will be slow longer.
You closely miss Natasha.
Natasha is severely wounded.
Your transformation has ended.
Your +0 robe unmelds from your body.
The white imp completely misses you. Natasha closely misses you.
Natasha claws you!
* * * LOW HITPOINT WARNING * * *
There is an open door here.
Natasha closely misses you.
You see here 17 stones.
Natasha casts a spell at you. The magic dart hits you!
You die...

##### #...# +...+ #..)#
#...#
###############..^#######..#
...........).....(h55.......
#####....##.....@.##........
#....#)....#####...!....
#....#.....# .........
#....#..[..# ...######
.........)..# ....#
.............# ....#
.........##### #....#
.........# ....######


You could see an iron imp, Natasha and a white imp.

Vanquished Creatures
  A worm (D:2)
  2 dart slugs (D:1)
  4 bats
  3 giant cockroaches
  2 goblins (D:1)
  2 hobgoblins (D:2)
  6 jackals (D:1)
  5 frilled lizards
  4 kobolds (D:1)
  2 rats (D:1)
31 creatures vanquished.

Vanquished Creatures (collateral kills)
  A goblin (D:1)
  A bat (D:2)
  A frilled lizard (D:2)
  A rat (D:1)
4 creatures vanquished.

Grand Total: 35 creatures vanquished

Notes
Turn   | Place    | Note
-------+----------+-------------------------------------------
     0 | D:1      | grindst0ne the Merfolk Transmuter began the quest for the Orb.
     0 | D:1      | Reached XP level 1. HP: 15/15 MP: 3/3
    74 | D:1      | Reached skill level 3 in Transmutations
   131 | D:1      | Reached XP level 2. HP: 17/21 MP: 5/5
   140 | D:1      | Learned a level 2 spell: Sticks to Snakes
   428 | D:1      | Reached skill level 4 in Transmutations
   434 | D:1      | Reached XP level 3. HP: 9/26 MP: 0/6
  1273 | D:2      | Learned a level 3 spell: Spider Form
  1372 | D:2      | Noticed Natasha
  1391 | D:2      | Killed from afar by Natasha

Vault maps used:
D:1:      dpeg_arrival_circle_labyrinth_a, hangedman_feature_mirror,
          minmay_pentomino_o4
D:2:      uniq_natasha

Skill      XL: |  1  2 |
---------------+-------+-----
Transmutations | 3 4 |  4.5
Fighting       | |  1.1
Dodging        | |  2.6
Unarmed Combat | |  3.8
Spellcasting   | |  2.0

Action                   || total
-------------------------++-------
Melee: Unarmed           ||    98
       Headbutt          ||    10
       Punch             ||     1
 Cast: Beastly Appendage ||    20
       Sticks to Snakes  ||     6
       Spider Form       ||     1
  Eat: Chunk             ||     2
Armor: Robe              ||    23
       Skin              ||     1
Dodge: Dodged            ||   102
